 Dungeon Crawl Stone Soup version 0.21-a0-170-g0398fc9 (webtiles) character file.

259 4thArraOfDagon the Chucker (level 6, -16/51 HPs)
             Began as a Gnoll Hunter on Aug 6, 2017.
             Demolished by an ogre
             ... wielding a +0 giant club
              (24 damage)
             ... on level 6 of the Dungeon.
             The game lasted 00:11:43 (2830 turns).

4thArraOfDagon the Chucker (Gnoll Hunter)           Turns: 2830, Time: 00:11:43

Health: -16/51     AC:  9    Str:  7    XL:     6   Next: 17%
Magic:  6/6        EV:  2    Int:  7    God:
Gold:   85         SH:  0    Dex:  7    Spells: 3/5 levels left

rFire    . . .     SeeInvis .   k - +0 mace
rCold    + . .     Gourm    .   (no shield)
rNeg     . . .     Faith    .   n - +0 chain mail (curse)
rPois    .         Spirit   .   (no helmet)
rElec    .         Reflect  .   u - +0 cloak
rCorr    .         Harm     .   (no gloves)
MR       .....                  (no boots)
Stlth    ..........             o - amulet of magic regeneration
HPRegen  0.17/turn              g - ring of protection from cold
MPRegen  0.35/turn              (no ring)

@: no status effects
A: unchanging attributes, fangs 1, strong nose
a: no special abilities


You were on level 6 of the Dungeon.
You were not hungry.

You visited 1 branch of the dungeon, and saw 6 of its levels.

You collected 85 gold pieces.

Inventory:

Hand Weapons
 a - a +0 short sword
 e - a +0 dagger
 k - a +0 mace (weapon)
 s - a +2 dagger of holy wrath
Missiles
 c - 4 javelins (quivered)
 l - 107 stones
 m - 2 tomahawks
 z - an arrow
Armour
 b - a +0 leather armour
 n - a cursed +0 chain mail (worn)
 u - a +0 cloak (worn)
Jewellery
 g - a ring of protection from cold (left hand)
 o - an amulet of magic regeneration (around neck)
 y - an uncursed amulet of the gourmand {unknown}
Scrolls
 p - a scroll of remove curse {unknown}
 r - a scroll of immolation {unknown}
 t - a scroll of magic mapping {unknown}
 w - a scroll of fear {unknown}
Potions
 d - a potion of brilliance {unknown}
 h - 3 potions of curing
 i - 2 potions of cancellation
 j - a potion of haste {unknown}
 q - a potion of might {unknown}
 v - a potion of heal wounds {unknown}
 x - a potion of flight {unknown}
Comestibles
 f - 2 bread rations


   Skills:
 + Level 5.2 Fighting
 - Level 0.3 Short Blades
 - Level 1.5 Maces & Flails
 + Level 7.9 Throwing
 - Level 1.3 Armour
 - Level 2.6 Dodging
 - Level 1.2 Stealth


You had 3 spell levels left.
You knew the following spells:

 Your Spells              Type           Power        Failure   Level  Hunger
a - Apportation           Tloc           #.....       100%        1    ##.....
b - Animate Skeleton      Necr           N/A          100%        1    ##.....


Dungeon Overview and Level Annotations

Branches:
Dungeon (6/15)
 Temple: D:4-7

Altars:

Annotations:
D:4 Grinder


Innate Abilities, Weirdness & Mutations

Your physical attributes are unchanging.
You have very sharp teeth.
Your uncanny sense of smell can sniff out nearby items.


Message History

Press: ? - help, Shift-Dir - straight line, f - ogre
Aim: an ogre, wielding a giant club You throw a javelin.
The javelin hits the ogre.
The ogre is moderately wounded.
The ogre hits you with a giant club!
Unknown command.
Throwing (i - inventory. (,) - cycle):
c - 6 javelins (quivered)
Press: ? - help, Shift-Dir - straight line, f/p - ogre
Aim: an ogre, wielding a giant club (moderately wounded)
You throw a javelin. The javelin hits the ogre!
The ogre is heavily wounded.
The ogre hits you with a giant club!!
* * * LOW HITPOINT WARNING * * *
Unknown command.
Throwing (i - inventory. (,) - cycle):
c - 5 javelins (quivered)
Press: ? - help, Shift-Dir - straight line, f/p - ogre
Aim: an ogre, wielding a giant club (heavily wounded)
You throw a javelin. The javelin closely misses the ogre.
The ogre hits you with a giant club!!
You die...

#############
#...<.......#
#...........#
#...........#
######'#######
#.......#...###
#......@#.....#
#.......O?....#
#.....>.#.....#
#.......#.....#∆
#.......#.....#
#...........(...
###############.


You could see an ogre.

Vanquished Creatures
  A centaur (D:5)
  2 crimson imps
  A centaur zombie (D:3)
  An adder (D:2)
  An ooze (D:1)
  A worm (D:5)
  3 dart slugs
  A leopard gecko (D:3)
  6 orcs
  4 giant cockroaches
  5 goblins
  7 hobgoblins
  9 kobolds
  A bat (D:3)
  A frilled lizard (D:2)
  A jackal skeleton (D:4)
  4 rats
49 creatures vanquished.

Notes
Turn   | Place    | Note
-------+----------+-------------------------------------------
     0 | D:1      | 4thArraOfDagon the Gnoll Hunter began the quest for the Orb.
     0 | D:1      | Reached XP level 1. HP: 17/17 MP: 1/1
     0 | D:1      | 4thArraOfDagon: lets try this
     0 | D:1      | 4thArraOfDagon: it cant be that bad!
     0 | D:1      | 4thArraOfDagon: brb
     0 | D:1      | 4thArraOfDagon: can it?
   220 | D:1      | Reached XP level 2. HP: 7/23 MP: 2/2
   240 | D:1      | Reached skill level 6 in Throwing
   705 | D:2      | Reached XP level 3. HP: 28/28 MP: 3/3
  1325 | D:3      | Reached skill level 1 in Maces & Flails
  1325 | D:3      | Reached skill level 1 in Armour
  1325 | D:3      | Reached XP level 4. HP: 23/35 MP: 4/4
  1359 | D:3      | Vidiiot: What did you ask?
  1568 | D:4      | Noticed Grinder
  1632 | D:2      | 4thArraOfDagon: can the gnoll be THAT bad as they say
  1906 | D:2      | Vidiiot: Oh
  1930 | D:3      | Vidiiot: Yep
  1951 | D:3      | Vidiiot: It can be :P
  1989 | D:3      | Learned a level 1 spell: Apportation
  1991 | D:3      | Learned a level 1 spell: Animate Skeleton
  2248 | D:5      | Entered Level 5 of the Dungeon
  2292 | D:5      | 4thArraOfDagon: then
  2292 | D:5      | 4thArraOfDagon: im doomed again
  2292 | D:5      | 4thArraOfDagon: to perfrom some back-breaking tricks
  2296 | D:5      | Vidiiot: Hahah
  2349 | D:5      | Noticed a centaur
  2363 | D:5      | Killed a centaur
  2363 | D:5      | Reached skill level 7 in Throwing
  2363 | D:5      | Reached XP level 5. HP: 18/43 MP: 5/5
  2580 | D:5      | Reached skill level 5 in Fighting
  2580 | D:5      | Reached XP level 6. HP: 23/51 MP: 6/6
  2830 | D:6      | Demolished by an ogre

Vault maps used:
D:1:      dpeg_arrival_rhombus, hangedman_decor_points
D:2:      first_bread
D:4:      cheibrodos_gnoll_hut, uniq_ijyb, uniq_grinder, uniq_pikel
D:5:      minmay_temple_entry_from_below_a, uniq_crazy_yiuf_cottage,
          uniq_eustachio
D:6:      gammafunk_temple_overflow_forgotten, tgw_kikubaaqudgha

Skill      XL: |  1  2  3  4  5 |
---------------+----------------+-----
Throwing       | 6 7 |  7.9
Fighting       | 3 4 5 |  5.2
Maces & Flails | 1 |  1.5
Armour         | 1 |  1.3
Short Blades   | |  0.3
Dodging        | |  2.6
Stealth        | |  1.2

Action                   |  1- 3 |  4- 6 || total
-------------------------+-------+-------++-------
Melee: Mace              |    58 |   155 ||   213
       Dagger            |     9 |       ||     9
       Bite              |     5 |     7 ||    12
Throw: Javelin           |    14 |    67 ||    81
       Stone             |     3 |    17 ||    20
       Throwing net      |     2 |       ||     2
       Tomahawk          |       |     8 ||     8
  Use: Potion            |       |     6 ||     6
       Scroll            |       |     2 ||     2
  Eat: Chunk             |       |     2 ||     2
       Meat ration       |       |     1 ||     1
       Fruit             |       |     1 ||     1
Armor: Leather armour    |     9 |       ||     9
       Chain mail        |       |   186 ||   186
       Skin              |       |    32 ||    32
Dodge: Dodged            |    48 |    41 ||    89
